 Dungeon Crawl Stone Soup version 0.21-a0-426-g98080a9 (webtiles) character file.

44 mastercheaf21 the Sneak (level 3, 0/23 HPs)
             Began as an Octopode Transmuter on Nov 7, 2017.
             Slain by an orc wizard
             ... wielding a +0 dagger
              (3 damage)
             ... on level 2 of the Dungeon.
             The game lasted 00:03:29 (2016 turns).

mastercheaf21 the Sneak (Octopode Transmuter)       Turns: 2016, Time: 00:03:30

Health: 0/23       AC:  1    Str: 10    XL:     3   Next: 62%
Magic:  6/6        EV: 13    Int: 15    God:
Gold:   52         SH:  0    Dex: 12    Spells: 5/6 levels left

rFire    . . .     SeeInvis .     - Unarmed
rCold    . . .     Gourm    .   (no shield)
rNeg     . . .     Faith    .   (helmet restricted)
rPois    .         Spirit   .   (no amulet)
rElec    .         Reflect  .   (no ring)
rCorr    .         Harm     .   (no ring)
MR       .....                  (no ring)
Stlth    ++++......             (no ring)
HPRegen  0.07/turn              (no ring)
MPRegen  0.10/turn              (no ring)
                                (no ring)
                                (no ring)

@: no status effects
A: almost no armour, stealthy swim, amphibious, 8 rings, constrict 8, camouflage
1, gelatinous body 1
a: no special abilities


You were on level 2 of the Dungeon.
You were not hungry.

You visited 1 branch of the dungeon, and saw 2 of its levels.

You collected 52 gold pieces.

Inventory:

Missiles
 a - 18 arrows
Scrolls
 e - 2 scrolls of teleportation {unknown}
 h - 2 scrolls of identify {unknown}
 k - a scroll of amnesia {unknown}
 n - a scroll of enchant armour {unknown}
Potions
 f - a potion of curing {unknown}
 i - a potion of invisibility {unknown}
 j - a potion of heal wounds {unknown}
 m - a potion of magic {unknown}
Books
 b - a book of Changes

   Spells                             Type                      Level
   a - Beastly Appendage              Transmutation                1
   b - Sticks to Snakes               Transmutation                2
   c - Spider Form                    Transmutation/Poison         3
   d - Ice Form                       Ice/Transmutation            4
   e - Blade Hands                    Transmutation                5
Comestibles
 c - a bread ration
 d - a meat ration
 g - a royal jelly


   Skills:
 - Level 1.0 Fighting
 - Level 2.0 Dodging
 * Level 4.6 Stealth
 - Level 3.0 Unarmed Combat
 - Level 2.0 Spellcasting
 - Level 2.0 Transmutations


You had 5 spell levels left.
You knew the following spells:

 Your Spells              Type           Power        Failure   Level  Hunger
a - Beastly Appendage     Tmut           #.....       10%         1    #......


Dungeon Overview and Level Annotations

Branches:
Dungeon (2/15)

Altars:
Trog


Innate Abilities, Weirdness & Mutations

You cannot wear most types of armour.
You are very stealthy in the water. (Stealth+)
You are amphibious.
You can wear up to eight rings at the same time.
You can use your tentacles to constrict eight enemies at once.
Your skin changes colour to match your surroundings (Stealth+).
Your rubbery body absorbs attacks. (AC +1, EV +1)


Message History

An orc wizard comes into view. It is wielding a dagger.
The orc shouts!
The orc wizard shouts!
You see here 3 scrolls labeled LYEXOPH DIPOPA.
You completely miss the orc. Your grab misses the orc.
The orc hits you with a flail! The orc misses you.
You tentacle-slap the orc. You grab the orc. You tentacle-slap the orc.
The orc is severely wounded.
You constrict the orc. The orc closely misses you.
You tentacle-slap the orc.
You kill the orc!
The orc hits you with a mace.
You tentacle-slap the orc wizard. Your grab misses the orc wizard.
The orc wizard is moderately wounded.
The orc wizard barely misses you. The orc hits you with a mace.
* * * LOW HITPOINT WARNING * * *
You closely miss the orc wizard. Your grab misses the orc wizard.
You tentacle-slap the orc wizard. Your squeeze misses the orc wizard.
The orc wizard is severely wounded.
The orc wizard hits you with a dagger.
You die...

### #.. #.# #.# ....
#.# #> ..' ...
#o####. #.# ..##
#.@oo#.##.# #...
#####.#.##.######...
#...).#.........'...
#.##..#......# #...
#........#.# #..)
#.....(.##'####...
#...#.............
#o.o####..........
#...#..'..........


You could see an orc wizard and 2 orcs.

Vanquished Creatures
  An adder (D:2)
  A worm (D:2)
  3 dart slugs
  A leopard gecko (D:1)
  An orc (D:2)
  A giant cockroach (D:2)
  7 goblins
  2 jackals (D:1)
  A bat (D:2)
  5 kobolds
  3 rats
26 creatures vanquished.

Notes
Turn   | Place    | Note
-------+----------+-------------------------------------------
     0 | D:1      | mastercheaf21 the Octopode Transmuter began the quest for the Orb.
     0 | D:1      | Reached XP level 1. HP: 13/13 MP: 3/3
    13 | D:1      | Reached skill level 1 in Stealth
   237 | D:1      | Reached skill level 2 in Stealth
   410 | D:1      | Reached XP level 2. HP: 15/18 MP: 5/5
   649 | D:1      | Reached skill level 3 in Stealth
  1415 | D:2      | Reached XP level 3. HP: 21/23 MP: 6/6
  1472 | D:2      | Reached skill level 4 in Stealth
  1658 | D:2      | Found a bloodstained altar of Trog.
  2016 | D:2      | Slain by an orc wizard

Vault maps used:
D:1:      minmay_arrival_three_doors
D:2:      trog_three_pillars_becter

Skill      XL: |  1  2  3 |
---------------+----------+-----
Stealth        | 2 3 4 |  4.6
Fighting       | |  1.0
Dodging        | |  2.0
Unarmed Combat | |  3.0
Spellcasting   | |  2.0
Transmutations | |  2.0

Action                   || total
-------------------------++-------
Melee: Unarmed           ||    66
       Constrict         ||    18
       Tentacles         ||     8
       Punch             ||     3
 Stab: Sleeping          ||     7
  Eat: Bread ration      ||     1
Armor: Skin              ||     4
Dodge: Dodged            ||    46

Table legend:
 A = Spawn XP
 B = Non-spawn XP
 C = Spawn XP percentage of total XP
 D = Spawn monster count
 E = Non-spawn monster count
 F = Spawn count percentage of total count
 G = Total turns spent on level
                    A         B        C        D         E        F      G
               +---------+---------+-------+---------+---------+-------+---------
         Total |       0 |      64 |   0.0 |       0 |      26 |   0.0 |  2016
               +---------+---------+-------+---------+---------+-------+---------
           D:1 |       0 |      24 |   0.0 |       0 |      11 |   0.0 |  1286
           D:2 |       0 |      40 |   0.0 |       0 |      15 |   0.0 |   730
               +---------+---------+-------+---------+---------+-------+---------
